 Dungeon Crawl Stone Soup version 0.27-a0-1308-gc08437e49b (webtiles) character file.

Game seed: 9576163633968933035

9983 hatdisgam the Cruncher (level 11, -10/87 HPs)
             Began as a Barachi Ice Elementalist on June 18, 2021.
             Was a High Priest of Cheibriados.
             Mangled by a minotaur (39 damage)
             ... in a Gauntlet.
             The game lasted 00:26:49 (14857 turns).

hatdisgam the Cruncher (Barachi Ice Elementalist)  Turns: 14857, Time: 00:26:50

Health: -10/87     AC:  6    Str: 28    XL:     11   Next: 55%
Magic:  14/16      EV: 18    Int: 32    God:    Cheibriados [*****.]
Gold:   415        SH:  5    Dex: 24    Spells: 13/17 levels left

rFire    . . .     SeeInvis .   n - +2 quarterstaff (distort)
rCold    . . .     Faith    .   (shield currently unavailable)
rNeg     . . .     Spirit   .   a - +0 robe
rPois    .         Reflect  +   k - +0 helmet
rElec    .         Harm     .   (no cloak)
rCorr    +         Rampage  .   o - +0 pair of gloves
Will     .....     NoTele   +   p - +1 pair of boots
Stlth    +++.......             d - amulet of reflection
HPRegen  0.24/turn              D - ring of Xom's Sleight of Hands {rF- rCorr Str+8 Stlth+}
MPRegen  0.15/turn              M - ring of Oweimuhy {rF+ Int+2}

@: unable to hop, attractive, flying, very slow
A: amphibious, slowness 1, strong legs 1, +LOS
a: Hop, Renounce Religion, Bend Time, Temporal Distortion, Slouch, Step From
Time


You were in a Gauntlet.
You worshipped Cheibriados.
Cheibriados was extremely pleased with you.
You visited 3 branches of the dungeon, and saw 13 of its levels.
You also visited: Gauntlet.

You collected 493 gold pieces.
You spent 78 gold pieces at shops.

Inventory:

Hand Weapons
 c - a +0 dagger
 e - a +0 hand axe
 n - a +2 quarterstaff of distortion (weapon)
Missiles
 C - 3 throwing nets
Armour
 a - a +0 robe (worn)
 j - a +0 tower shield
 k - a +0 helmet (worn)
 o - a +0 pair of gloves (worn)
 p - a +1 pair of boots (worn)
Jewellery
 d - an amulet of reflection (around neck)
 t - a ring of flight
 z - the amulet "Paritser" {Faith Drain Will+ Int+2 Stlth+}
   (You found it in a Gauntlet)

   [amulet of faith]

   It allows you to gain divine favour quickly.
   It affects your intelligence (+2).
   It drains your maximum health when unequipped.
   It increases your willpower.
   It makes you more stealthy.
 D - the ring of Xom's Sleight of Hands (left hand) {rF- rCorr Str+8 Stlth+}
   (You found it on level 6 of the Dungeon)

   [ring of resist corrosion]

   It affects your strength (+8).
   It makes you vulnerable to fire.
   It protects you from acid and corrosion.
   It makes you more stealthy.
 J - an amulet of magic regeneration
 M - the ring of Oweimuhy (right hand) {rF+ Int+2}
   (You found it in a Gauntlet)

   [ring of protection from fire]

   It affects your intelligence (+2).
   It protects you from fire.
Wands
 r - a wand of digging (12)
 u - a wand of polymorph (25)
 x - a wand of iceblast (3)
Scrolls
 f - a scroll of blinking
 g - a scroll of immolation
 h - 2 scrolls of enchant armour
 l - 4 scrolls of teleportation
 v - 3 scrolls of vulnerability
 y - a scroll of fog
 A - 2 scrolls of enchant weapon {unknown}
 B - a scroll of identify
 G - a scroll of silence {unknown}
 H - a scroll of fear
Potions
 b - a potion of attraction
 i - a potion of might {unknown}
 m - 2 potions of flight
 q - 2 potions of heal wounds {unknown}
 s - a potion of magic {unknown}
 w - a potion of curing {unknown}
 E - 2 potions of mutation {unknown}
 F - 2 potions of lignification {unknown}
 I - 2 potions of brilliance {unknown}
 K - a potion of invisibility {unknown}
 L - a potion of degeneration {unknown}


   Skills:
 - Level 8.5 Fighting
 - Level 14.0 Staves
 - Level 7.4 Dodging
 - Level 1.7 Stealth
 - Level 3.6 Spellcasting
 - Level 7.0 Ice Magic
 + Level 3.8 Invocations


You had 13 spell levels left.
You knew the following spells:

 Your Spells              Type           Power      Damage    Failure   Level
a - Freeze                Ice            100%       1d11      1%          1
b - Frozen Ramparts       Ice            100%       1d12      1%          3

Your spell library contained the following spells:

 Spells                   Type           Power      Damage    Failure   Level
 Ozocubu's Armour         Ice            50%        N/A       1%          3
 Animate Skeleton         Necr           10%        N/A       6%          1
 Beastly Appendage        Tmut           10%        N/A       6%          1
 Pain                     Necr           20%        1d5       6%          1
 Shock                    Conj/Air       20%        1d4       6%          1
 Static Discharge         Conj/Air       5%         N/A       9%          2
 Wereblood                Tmut           5%         N/A       9%          2
 Hailstorm                Conj/Ice       28%        3d8       14%         4
 Ice Form                 Ice/Tmut       28%        N/A       14%         4
 Spider Form              Tmut/Pois      2%         N/A       19%         3
 Swiftness                Air            5%         N/A       19%         3
 Vampiric Draining        Necr           2%         2d6       19%         3
 Metabolic Englaciation   Hex/Ice        14%        N/A       36%         5
 Airstrike                Air            2%         N/A       52%         4
 Animate Dead             Necr           2%         N/A       52%         4
 Agony                    Necr           5%         N/A       86%         5
 Lightning Bolt           Conj/Air       2%         1d14      86%         5


Dungeon Overview and Level Annotations

Branches:
Dungeon (11/15)            Temple (1/1) D:6            Lair (1/6) D:9
Gauntlet (1/1)
    Orc: D:9-12

Altars:
Cheibriados
Dithmenos
Fedhas
Gozag
Hepliaklqana
Kikubaaqudgha
Makhleb
Nemelex Xobeh
Okawaru
Qazlal
Ru
Sif Muna
Trog
Vehumet
Xom
Yredelemnul
Zin
The Shining One

Shops:
D:4 *   D:8 ?

Annotations:
D:4 exclusion: door
Abyss:1 Harold Gauntlet 8 transporters, 25 runed translucent doors


Innate Abilities, Weirdness & Mutations

You are amphibious.
You cover ground slowly.
You can hop short distances.
You have an extended range of vision and can be seen from far away.


Message History

Press: ? - help, Shift-Dir - straight line, f/p - minotaur
Aim: a minotaur, wielding a +0 bardiche, wearing +1 swamp dragon scales and quivering silver javelins (lightly wounded)
The mass of ice explodes!
The iceblast engulfs the minotaur but does no damage.
The minotaur is lightly wounded.
Casting: Frozen Ramparts (safe; 1% risk of failure)
Confirm with . or Enter, or press ? or * to list all spells.
Casting: Frozen Ramparts (safe; 1% risk of failure)
Press: ? - help, Dir - look around, f - activate The walls around you are covered in ice.
The wall freezes the minotaur.
You block the minotaur's attack.
You fail to use your ability.
The wall freezes the minotaur.
The minotaur closely misses you.
Unknown command.
Unknown command.
Unknown command.
You fail to use your ability.
The wall freezes the minotaur.
The minotaur hits you from afar with a +0 bardiche!!
Unknown command.
Unknown command.
You fail to use your ability.
The wall freezes the minotaur.
The minotaur hits you from afar with a +0 bardiche!!
Unknown command.
Unknown command.
Blink to where?
Press: ? - help, Dir - move target Your frozen ramparts will break if you move.
Continue?
The frozen ramparts melt away as you move.
As you read the scroll of blinking, it crumbles to dust.
Hop to where?
Press: ? - help, Dir - move target Boing!
It was a potion of flight.
You feel very buoyant.
You fly up into the air.
It was a potion of attraction.
You feel attractive to monsters. The minotaur is pulled toward you!
The minotaur hits you with a +0 bardiche!!!
You die...

###8.#8.8#.8### #....#...#....#
#.#..#8.8#..#.# #.#..##H##..#.#
#.............# #.#.##.#.##.#.#
#.#....#....#.# #.#.#######H#.#
#...........@.# ##...©.©.©...##
#######..8.8.8..#################
#≈#§####.......####≈#≈#≈#≈#≈#≈#≈#
.....#≈#########≈#....§..........
................§.......8......8.
.....8.....8.....8...............
####...............###########...
=..#...#########...#..=.©?)..#...


You could see a minotaur.

Vanquished Creatures
  A two-headed ogre (D:9)
  A thrashing horror (Gauntlet)
  Maggie (D:6)
  A hornet (D:9)
  A tyrant leech (Gauntlet)
  A wraith (D:10)
  A wyvern (D:9)
  8 yaks
  2 steam dragons
  4 swamp worms (Gauntlet)
  2 water moccasins
  An orc warrior (D:9)
  A hornet zombie (D:9)
  An ice beast (D:7)
  A black bear (D:6)
  2 sky beasts
  An ogre (D:4)
  6 wolves (Lair:1)
  A necrophage (Temple)
  A centaur (D:6)
  4 small abominations (Gauntlet)
  2 bullfrogs
  2 kobold brigands
  Blork the orc (D:9)
  5 gnoll sergeants
  A scorpion (D:2)
  A wyvern zombie (D:6)
  15 killer bees
  6 howler monkeys
  A wight (D:9)
  2 centaur zombies
  A jelly (D:7)
  2 centaur skeletons
  A hound (D:4)
  6 orc priests
  4 iguanas
  7 orc wizards
  A hound skeleton (D:4)
  3 howler monkey zombies
  Robin (D:3)
  16 gnolls
  2 howler monkey skeletons
  10 adders
  A shadow imp (D:6)
  3 ufetubi (D:4)
  5 worms
  A dart slug (D:4)
  17 orcs
  10 endoplasms
  2 giant cockroaches
  17 goblins
  7 hobgoblins
  6 jackals (D:1)
  15 kobolds
  6 quokkas
  11 ball pythons
  8 bats
  6 frilled lizards
  8 rats
255 creatures vanquished.

Vanquished Creatures (others)
  2 fungi (D:9)
  15 plants
17 creatures vanquished.

Grand Total: 272 creatures vanquished

Notes
Turn   | Place    | Note
-------+----------+-------------------------------------------
     0 | D:1      | hatdisgam the Barachi Ice Elementalist began the quest for
                  | the Orb.
     0 | D:1      | Reached XP level 1. HP: 13/13 MP: 3/3
    68 | D:1      | Reached skill level 5 in Ice Magic
   367 | D:1      | Noticed a shining eye
   371 | D:1      | Found a faded altar of an unknown god.
   371 | D:1      | Noticed a shining eye
   372 | D:1      | Noticed a shining eye
   372 | D:1      | Noticed a floating eye
   415 | D:1      | Reached XP level 2. HP: 16/19 MP: 3/5
   938 | D:1      | Reached XP level 3. HP: 14/24 MP: 0/6
  1796 | D:2      | Learned a level 3 spell: Frozen Ramparts
  2072 | D:2      | Noticed a scorpion
  2082 | D:2      | Killed a scorpion
  2083 | D:2      | Reached XP level 4. HP: 16/30 MP: 1/8
  2468 | D:2      | Reached XP level 5. HP: 35/35 MP: 3/10
  3560 | D:3      | Reached skill level 1 in Staves
  3560 | D:3      | Noticed Robin
  3616 | D:3      | Reached skill level 1 in Fighting
  3616 | D:3      | Reached XP level 6. HP: 29/43 MP: 8/11
  3620 | D:3      | Reached skill level 2 in Staves
  4203 | D:3      | Killed Robin
  4395 | D:4      | Found Ukaoqeyl's Overcharged Wands.
  4440 | D:4      | Reached skill level 3 in Staves
  4604 | D:4      | Reached XP level 7. HP: 48/51 MP: 12/12
  4682 | D:4      | Reached skill level 4 in Staves
  5056 | D:4      | Found a burning altar of Makhleb.
  5090 | D:4      | Found a shimmering blue altar of Sif Muna.
  5699 | D:5      | Entered Level 5 of the Dungeon
  6328 | D:5      | Reached skill level 5 in Staves
  6537 | D:6      | Noticed a yak
  6537 | D:6      | Noticed a yak
  6537 | D:6      | Noticed a yak
  7005 | D:6      | Found a staircase to the Ecumenical Temple.
  7020 | Temple   | Entered the Ecumenical Temple
  7098 | Temple   | Became a worshipper of Cheibriados the Contemplative
  7144 | D:6      | Reached skill level 6 in Staves
  7426 | Temple   | Reached XP level 8. HP: 34/58 MP: 9/13
  7429 | Temple   | Killed a yak
  7552 | D:6      | Noticed a yak
  7568 | Temple   | Killed a yak
  7569 | Temple   | Reached skill level 7 in Staves
  7603 | Temple   | Banished a yak
  7604 | Temple   | Reached skill level 5 in Dodging
  7669 | Temple   | Killed a yak
  7670 | Temple   | Reached skill level 8 in Staves
  8136 | D:6      | Reached XP level 9. HP: 19/63 MP: 8/14
  8398 | D:6      | Reached skill level 9 in Staves
  8398 | D:6      | Reached * piety under Cheibriados
  9186 | D:6      | Identified the ring of Xom's Sleight of Hands {rF- rCorr
                  | Str+8 Stlth+}
  9357 | D:6      | Noticed Maggie
  9381 | D:6      | Killed Maggie
  9702 | D:7      | Reached skill level 10 in Staves
 10109 | D:7      | Reached skill level 5 in Fighting
 10481 | D:7      | Noticed Harold
 10485 | D:7      | Banished Harold
 10486 | D:7      | Reached skill level 11 in Staves
 10486 | D:7      | Reached XP level 10. HP: 55/77 MP: 11/15
 10703 | D:8      | Reached ** piety under Cheibriados
 11110 | D:8      | Found Qaonamp's Magic Scroll Boutique.
 11119 | D:8      | Bought a scroll of fear for 42 gold pieces
 11119 | D:8      | Bought a scroll of teleportation for 36 gold pieces
 11525 | D:9      | Reached *** piety under Cheibriados
 11537 | D:9      | Reached skill level 12 in Staves
 11637 | D:9      | Noticed a two-headed ogre
 11646 | D:9      | Killed a two-headed ogre
 12226 | D:9      | Noticed Blork the orc
 12346 | D:9      | Killed Blork the orc
 12661 | D:9      | Found a staircase to the Lair.
 12823 | D:10     | Entered Level 10 of the Dungeon
 12824 | D:10     | Found a bloodstained altar of Trog.
 13097 | D:10     | Reached skill level 13 in Staves
 13097 | D:10     | Reached XP level 11. HP: 58/87 MP: 12/16
 13205 | D:10     | Reached **** piety under Cheibriados
 13489 | D:10     | Reached skill level 1 in Invocations
 13692 | D:10     | Found a blossoming altar of Fedhas.
 14128 | Lair:1   | Entered Level 1 of the Lair of Beasts
 14145 | Lair:1   | Reached ***** piety under Cheibriados
 14241 | Lair:1   | Found a gate leading to a gauntlet.
 14251 | Gauntlet | Entered a Gauntlet
 14251 | Gauntlet | Found a transporter.
 14257 | Gauntlet | Noticed a large abomination
 14258 | Gauntlet | Noticed a large abomination
 14262 | Gauntlet | Found a transporter.
 14263 | Gauntlet | Found a runed translucent gate.
 14263 | Gauntlet | Found a runed translucent gate.
 14263 | Gauntlet | Found a runed translucent gate.
 14282 | Gauntlet | Found a transporter.
 14286 | Gauntlet | Found a transporter.
 14288 | Gauntlet | Found a large runed translucent door.
 14290 | Gauntlet | Found a large runed translucent door.
 14291 | Gauntlet | Found a large runed translucent door.
 14291 | Gauntlet | Found a large runed translucent door.
 14291 | Gauntlet | Found a runed translucent door.
 14292 | Gauntlet | Found a runed translucent door.
 14293 | Gauntlet | Found a large runed translucent door.
 14294 | Gauntlet | Found a large runed translucent door.
 14295 | Gauntlet | Found a large runed translucent door.
 14295 | Gauntlet | Found a large runed translucent door.
 14296 | Gauntlet | Found a runed translucent gate.
 14296 | Gauntlet | Found a runed translucent gate.
 14298 | Gauntlet | Found a transporter.
 14300 | Gauntlet | Noticed a death drake
 14312 | Gauntlet | Found a runed translucent gate.
 14313 | Gauntlet | Found a large runed translucent door.
 14314 | Gauntlet | Found a large runed translucent door.
 14315 | Gauntlet | Found a large runed translucent door.
 14326 | Gauntlet | Found a transporter.
 14328 | Gauntlet | Found a large runed translucent door.
 14333 | Gauntlet | Noticed a thrashing horror
 14340 | Gauntlet | Found a transporter.
 14365 | Gauntlet | Found a transporter.
 14370 | Gauntlet | Found a transporter.
 14371 | Gauntlet | Noticed a cyan ugly thing
 14373 | Gauntlet | Noticed a great orb of eyes
 14376 | Gauntlet | Noticed a cyan ugly thing
 14379 | Gauntlet | Found a transporter.
 14404 | Gauntlet | Found a runed translucent door.
 14410 | Gauntlet | Found a transporter.
 14411 | Gauntlet | Found a transporter.
 14433 | Gauntlet | Found a large runed translucent door.
 14434 | Gauntlet | Found a large runed translucent door.
 14435 | Gauntlet | Found a large runed translucent door.
 14437 | Gauntlet | Found a large runed translucent door.
 14720 | Gauntlet | Identified the amulet "Paritser" {Faith Drain Will+ Int+2
                  | Stlth+}
 14732 | Gauntlet | Identified the ring of Oweimuhy {rF+ Int+2}
 14737 | Gauntlet | Killed a thrashing horror
 14738 | Gauntlet | Reached skill level 14 in Staves
 14846 | Gauntlet | Noticed a minotaur
 14857 | Gauntlet | Mangled by a minotaur

Illustrated notes

Levels and vault maps discovered:
D:1:      evilmike_arrival_rings, layout_rooms,
          hellmonk_ecumenical_altar_watching_god, dk_noncrumbling_3,
          minmay_splitting_lines
D:2:      layout_loops_ring, serial_forest, infiniplex_forest_straight_1,
          infiniplex_forest_3_way, infiniplex_forest_clump_tiny,
          infiniplex_forest_lined_ring, infiniplex_forest_clump_curved,
          infiniplex_forest_straight_4, infiniplex_forest_clump_small,
          infiniplex_forest_corner_1, infiniplex_forest_3_way,
          minmay_stone_trees_small, minmay_fractal_squares_5
D:3:      layout_rooms, grunt_ministairs_12, uniq_robin, uniq_crazy_yiuf_cottage
D:4:      layout_layer_cave, led_sif_book, bloody_makhleb,
          nicolae_shop_overcharged_wands
D:5:      layout_basic
D:6:      layout_layer_cave, minmay_temple_entry_antechambers,
          portal_sewer_entry_d, uniq_maggie
D:7:      layout_basic, patterned_corridor, uniq_harold
D:8:      layout_cave_pools, serial_shops, shop_statue
D:9:      layout_irregular_city, dpeg_oklobed_lair, sword_in_stone
D:10:     layout_long_grid, grunt_temple_overflow_open, minmay_statues_item
D:11:     layout_long_grid, hiddenorc2_lemuel, portal_ice_cave_demonic_guard
Temple:   eino_narrow_crystal_temple
Lair:1:   layout_layer_cave, gauntlet_entry_generic,
          chequers_serial_rivers_micro_e, st_stairs_4,
          hangedman_lair_generics_rect, grunt_megastairs_5, lemuel_fruit_tree,
          uniq_joseph, uniq_fannar
Gauntlet: minmay_gauntlet_mixed_oops_all_seconds [minmay_gauntlet_arena_77_path,
          gammafunk_gauntlet_arena_chambers,
          minmay_gauntlet_arena_77_run_for_it,
          gammafunk_gauntlet_arena_split_diamond,
          minmay_gauntlet_arena_77_block_sizes,
          minmay_gauntlet_arena_make_your_own_arena,
          nicolae_gauntlet_exit_dead_adventurers]

Skill      XL: |  1  2  3  4  5  6  7  8  9 10 11 |
---------------+----------------------------------+-----
Ice Magic      | 5 6 7 |  7.0
Spellcasting   | 3 |  3.6
Staves         | 1 3 6 8 11 13 14 | 14.0
Fighting       | 1 2 3 6 8 |  8.5
Dodging        | 3 5 6 7 |  7.4
Invocations    | 3 |  3.8
Stealth        | |  1.7

Action                   |  1- 3 |  4- 6 |  7- 9 | 10-12 || total
-------------------------+-------+-------+-------+-------++-------
Melee: Unarmed           |    12 |       |       |       ||    12
       Dagger            |     8 |       |       |       ||     8
       Hand axe          |    22 |    25 |       |       ||    47
       Quarterstaff      |       |    64 |   145 |   166 ||   375
 Cast: Freeze            |    44 |    16 |    10 |       ||    70
       Frozen Ramparts   |     3 |    15 |    22 |    21 ||    61
Invok: Slouch            |       |       |       |     1 ||     1
 Abil: Hop               |     3 |     1 |     1 |     3 ||     8
Evoke: Wand              |       |       |     1 |     5 ||     6
  Use: Scroll            |       |       |     2 |     8 ||    10
       Potion            |       |       |       |     2 ||     2
 Stab: Sleeping          |     4 |     3 |     3 |     3 ||    13
Armor: Robe              |    22 |    26 |    33 |    16 ||    97
Dodge: Dodged            |    47 |    66 |   106 |   121 ||   340
Block: Other             |       |       |    13 |    35 ||    48
       Reflection        |       |       |       |     2 ||     2

Table legend: (Time is in decaauts)
 A = Elapsed time spent in this place.
 B = Non-inter-level travel time spent in this place.
 C = Inter-level travel time spent in this place.
 D = Time resting spent in this place.
 E = Time spent auto-exploring this place.
 F = Levels seen in this place.
 G = Mean time per level.
                   A        B        C        D        E       F      G
               +--------+--------+--------+--------+--------+-----+--------+
         Total |  18506 |  17841 |    665 |   2177 |  13316 |  14 | 1321.9 |
       Dungeon |  16727 |  16098 |    629 |   1332 |  12703 |  11 | 1520.6 |
        Temple |    733 |    697 |     36 |    558 |     73 |   1 |  733.0 |
          Lair |    146 |    146 |      0 |      0 |     80 |   1 |  146.0 |
      Gauntlet |    898 |    898 |      0 |    287 |    457 |   1 |  898.0 |
               +--------+--------+--------+--------+--------+-----+--------+

Top non-repeatable levels by time:
     D:6: 2528 daAuts
     D:9: 1933 daAuts
     D:1: 1907 daAuts
     D:2: 1886 daAuts
    D:10: 1713 daAuts
     D:7: 1599 daAuts
     D:4: 1572 daAuts
     D:5: 1340 daAuts
     D:8: 1038 daAuts
     D:3: 990 daAuts
Gauntlet: 898 daAuts
  Temple: 733 daAuts
    D:11: 216 daAuts
  Lair:1: 146 daAuts
